 Dungeon Crawl Stone Soup version 0.29.1-15-g9cfb28693d (webtiles) character file.

Game seed: 5379159038076365374

60 DoomSlayer the Trooper (level 4, 24/35 HPs)
             Began as a Human Fighter on Feb 27, 2023.
             Was a Believer of Makhleb.
             Quit the game on level 2 of the Dungeon.
             The game lasted 00:04:59 (1624 turns).

DoomSlayer the Trooper (Human Fighter)              Turns: 1624, Time: 00:05:00

Health: 24/35      AC:  6    Str: 17    XL:     4   Next: 25%
Magic:  13/13      EV:  9    Int: 10    God:    Makhleb [**....]
Gold:   98         SH:  4    Dex: 12    Spells: 3/3 levels left

rFire   . . .      SeeInvis .   a - +0 war axe
rCold   . . .      Faith    .   c - +0 buckler
rNeg    . . .      Spirit   .   b - +0 scale mail
rPois   .          Reflect  .   (no helmet)
rElec   .          Harm     .   (no cloak)
rCorr   .          Rampage  .   (no gloves)
Will    .....                   (no boots)
Stlth   ..........              (no amulet)
HPRegen 0.11/turn               m - ring of magical power
MPRegen 0.13/turn               (no ring)

@: no status effects
A: no striking features
a: Renounce Religion, Minor Destruction


You were on level 2 of the Dungeon.
You worshipped Makhleb.
Makhleb was pleased with you.
You visited 1 branch of the dungeon, and saw 2 of its levels.

You collected 98 gold pieces.

Inventory:

Hand Weapons
 a - a +0 war axe (weapon)
Armour
 b - a +0 scale mail (worn)
 c - a +0 buckler (worn)
Jewellery
 m - a ring of magical power (left hand)
 n - an amulet of magic regeneration
Scrolls
 h - a scroll of magic mapping {unknown}
Potions
 d - a potion of might
 e - a potion of flight
 f - a potion of lignification
 g - 2 potions of brilliance {unknown}
 i - 2 potions of degeneration {unknown}
 j - 2 potions of haste {unknown}
 k - a potion of heal wounds {unknown}
 l - a potion of berserk rage {unknown}


   Skills:
 * Level 3.4 Fighting
 * Level 2.9 Axes
 * Level 3.2 Armour
 * Level 0.5 Dodging
 * Level 0.8 Stealth
 * Level 3.3 Shields


You had 3 spell levels left.
You didn't know any spells.
Your spell library was empty.

Dungeon Overview and Level Annotations

Branches:
Dungeon (2/15)

Altars:
Makhleb
Xom


Message History

The adder bites you but does no damage.
You hit the adder but do no damage.
You feel sick. The adder bites you.
You closely miss the adder.
You feel sick. The adder bites you. You block the adder's attack.
You hit the adder.
The adder is lightly wounded.
You feel sick.
You are no longer poisoned.
The adder barely misses you. The adder bites you but does no damage.
You hit the adder but do no damage.
The adder is lightly wounded.
The adder barely misses you. You block the adder's attack.
You slash the adder!
The adder is severely wounded.
The adder bites you but does no damage.
You barely miss the adder.
The adder is severely wounded.
The adder misses you. The adder closely misses you.
You barely miss the adder.
The adder is severely wounded.
The adder bites you but does no damage. The adder barely misses you.
You barely miss the adder.
The adder is severely wounded.
The adder closely misses you. You block the adder's attack.
You hit the adder.
You kill the adder!
Makhleb accepts your kill.
You can now harness Makhleb's destructive might.
You see here an adder corpse.
Found 14 gold pieces.
Found a whip.
A giant cockroach comes into view.
Found a robe.
The giant cockroach bites you but does no damage.
You completely miss the giant cockroach.
The giant cockroach bites you but does no damage.
You slash the giant cockroach!
You kill the giant cockroach!
Makhleb accepts your kill.
Are you sure you want to abandon this character and quit the game? (Confirm with "yes".)

#.#.## ##.#.... #. .<..#
###...... ... #..##
.......# ##.#
#...######.....# ...##
#..............###.....
#######†............# #
#.....#.....#.###.# #
##.._..............#
######......##.#@.$.#####
....##......##.....)#
)...##.....#........#
....########.#.....##
....# #.#.##.... ....#
.......### #####
......[.# .##### .... .#
.....# ..


There were no monsters in sight!

Vanquished Creatures
  3 adders (D:2)
  A dart slug (D:1)
  6 bats
  An endoplasm (D:1)
  A giant cockroach (D:2)
  2 goblins
  6 hobgoblins
  A quokka (D:1)
  4 ball pythons (D:1)
  4 frilled lizards
  2 kobolds (D:1)
  A rat (D:1)
  A spectral hobgoblin (D:1)
33 creatures vanquished.

Notes
Turn   | Place    | Note
-------+----------+-------------------------------------------
     0 | D:1      | DoomSlayer the Human Fighter began the quest for the Orb.
     0 | D:1      | Reached XP level 1. HP: 18/18 MP: 1/1
   355 | D:1      | Found a faded altar of an unknown god.
   378 | D:1      | Reached XP level 2. HP: 19/22 MP: 2/2
   393 | D:1      | Prayed at the altar of an unknown god.
   393 | D:1      | Became a worshipper of Makhleb the Destroyer
   393 | D:1      | Reached * piety under Makhleb
   716 | D:1      | Reached XP level 3. HP: 22/29 MP: 3/3
  1560 | D:2      | Reached XP level 4. HP: 35/35 MP: 4/4
  1590 | D:2      | Found a shimmering altar of Xom.
  1605 | D:2      | Reached ** piety under Makhleb
  1624 | D:2      | Quit the game

Illustrated notes

Levels and vault maps discovered:
D:1:      pf_arrival_petrified_forest, layout_basic,
          dreamdust_ecumenical_altar_drowned_temple, minmay_splitting_lines
D:2:      layout_basic, basic_altar, hangedman_abyss_or_decor_stabs,
          uniq_crazy_yiuf_cottage

Action                   |  1- 3 |  4- 6 || total
-------------------------+-------+-------++-------
Melee: War axe           |    71 |    15 ||    86
  Use: Scroll            |     3 |       ||     3
Armor: Scale mail        |    42 |     9 ||    51
Dodge: Dodged            |    43 |     9 ||    52
Block: Buckler           |    19 |     4 ||    23
